 Dungeon Crawl Stone Soup version 0.27.1 (webtiles) character file.

Game seed: 4052695184835679774

112 MajorAdolf the Sneak (level 4, -2/40 HPs)
             Began as a Naga Wanderer on Aug 28, 2021.
             Slain by Natasha (9 damage)
             ... on level 2 of the Dungeon.
             The game lasted 00:08:54 (3938 turns).

MajorAdolf the Sneak (Naga Wanderer)                Turns: 3938, Time: 00:08:54

Health: -2/40      AC:  2    Str: 12    XL:     4   Next: 95%
Magic:  4/5        EV:  9    Int: 13    God:
Gold:   64         SH:  0    Dex: 13    Spells: 1/5 levels left

rFire    . . .     SeeInvis +   f - +1 dagger (venom)
rCold    . . .     Faith    .   (no shield)
rNeg     . . .     Spirit   .   i - +0 robe
rPois    +         Reflect  .   (no helmet)
rElec    .         Harm     .   (no cloak)
rCorr    .         Rampage  .   (no gloves)
Will     .....                  (no barding)
Stlth    ++........             (no amulet)
HPRegen  0.13/turn              (no ring)
MPRegen  0.09/turn              (no ring)

@: very slow
A: AC +1, large, see invisible, deformed body, poison resistance, slowness 2,
spit poison 1, naga tail 1
a: Spit Poison


You were on level 2 of the Dungeon.
You visited 1 branch of the dungeon, and saw 2 of its levels.

You collected 64 gold pieces.

Inventory:

Hand Weapons
 f - a +1 dagger of venom (weapon)
Missiles
 e - 90 stones
 k - 8 large rocks
Armour
 i - a +0 robe (worn)
Jewellery
 g - an amulet of faith
Scrolls
 a - 2 scrolls of teleportation {unknown}
 c - a scroll of amnesia {unknown}
 d - 2 scrolls of enchant armour {unknown}
 h - a scroll of magic mapping {unknown}
 m - a scroll of noise {unknown}
 n - a scroll of identify {unknown}
Potions
 b - 2 potions of curing
 j - a potion of haste {unknown}
 l - 2 potions of attraction {unknown}


   Skills:
 + Level 2.9 Fighting
 - Level 1.0 Axes
 - Level 1.0 Throwing
 + Level 3.8 Stealth
 - Level 1.0 Spellcasting
 + Level 3.0 Conjurations
 - Level 2.0 Transmutations
 + Level 1.9 Earth Magic


You had one spell level left.
You knew the following spells:

 Your Spells              Type           Power      Damage    Failure   Level
a - Sandblast             Erth           10%        2d5       13%         1
b - Stone Arrow           Conj/Erth      14%        3d7       30%         3

Your spell library contained the following spells:

 Spells                   Type           Power      Damage    Failure   Level
 Passwall                 Tmut/Erth      4%         N/A       19%         2
 Gell's Gravitas          Tloc           0%         N/A       63%         3
 Lesser Beckoning         Tloc           0%         N/A       63%         3
 Teleport Other           Tloc           0%         N/A       63%         3
 Petrify                  Tmut/Erth      5%         N/A       77%         4


Dungeon Overview and Level Annotations

Branches:
Dungeon (2/15)

Altars:

Shops:
D:1 [:*[[

Annotations:
D:2 Natasha


Innate Abilities, Weirdness & Mutations

Your serpentine skin is tough. (AC +1)
You have supernaturally acute eyesight. (SInv)
Armour fits poorly on your strangely shaped body.
Your system is resistant to poisons. (rPois)
You cover ground very slowly.
You can spit poison.
You have a snake-like lower body.


Message History

Natasha howls an incantation.
Natasha's front paws start to glow.
Natasha claws you!
You hit Natasha but do no damage.
Natasha is poisoned.
Natasha claws you!
* * * LOW HITPOINT WARNING * * *
You barely miss Natasha.
Natasha drinks a potion.
Natasha looks more healthy.
Okay, then.
Okay, then.
You hit Natasha.
Natasha is poisoned.
Natasha is moderately wounded.
Natasha casts a spell.
Unknown command.
Casting: Sandblast (safe; 13% risk of failure)
Confirm with . or Enter, or press ? or * to list all spells.
Aiming: Sandblast (safe; 13% risk of failure)
Press: ? - help, Shift-Dir - straight line, f - Natasha
Aim: Natasha, carrying a wand of flame (14) (moderately wounded, very poisoned, 72% to hit)
The blast of sand hits Natasha.
Natasha is heavily wounded.
e - 90 stones Natasha zaps a wand.
The puff of flame hits you!
* * * LOW HITPOINT WARNING * * *
Unknown command.
You feel better. Natasha closely misses you.
Unknown command.
You hit Natasha.
Natasha looks as sick as possible!
Natasha is severely wounded.
Natasha casts a spell at you. The magic dart hits you!
* * * LOW HITPOINT WARNING * * *
Unknown command.
You closely miss Natasha.
Natasha is severely wounded.
Natasha zaps a wand.
The puff of flame misses you.
Unknown command.
You barely miss Natasha.
Natasha is almost dead.
The white imp shouts, "Get thee hence, thou horrid unchin-snouted strumpet!"
Natasha claws you!
You die...

..<...#.....#.#.#.#......#
.............#.#.#.......#
..............#.#........#
.....#.........#.........#
.......##......#.........#
.......#.#.....#...8.....#
.......##....h###8...8...#
.....#.#.#.....#.........#
#......###.....#@........#
##.######.....#h#........#
...###.'.........†.......#
##.....##.....#.#.......##
##.###.###.....#........#
#.# #.#.#.....#........#
#.# #.##.....###8...8..#
##.# #.#.#.....#...8....#
##.# #.##......#........#


You could see Natasha (extremely poisoned).

Vanquished Creatures
  Natasha (twice) (D:2)
  2 adders (D:2)
  A worm (D:2)
  A dart slug (D:2)
  5 ball pythons (D:1)
  3 endoplasms
  2 giant cockroaches
  A goblin (D:1)
  3 hobgoblins
  4 jackals (D:1)
  4 kobolds (D:1)
  2 quokkas (D:2)
  4 bats
  3 frilled lizards (D:1)
  4 rats (D:1)
41 creatures vanquished.

Notes
Turn   | Place    | Note
-------+----------+-------------------------------------------
     0 | D:1      | MajorAdolf the Naga Wanderer began the quest for the Orb.
     0 | D:1      | MajorAdolf set off with the following items: a +0 dagger, a
                  | potion of curing, a +0 ring mail; and the following spell
                  | memorised: Sandblast; and the following spells available to
                  | memorise: Passwall, Stone Arrow, Petrify
     0 | D:1      | Reached XP level 1. HP: 19/19 MP: 2/2
     8 | D:1      | Found Etrowkod's Armour Boutique.
   118 | D:1      | Found Did Feyl's General Store.
   164 | D:1      | Found Jil Siza's Book Shoppe.
   328 | D:1      | Reached XP level 2. HP: 26/26 MP: 3/3
  1047 | D:1      | Found Eqiolius's Antique Armour Emporium.
  1542 | D:1      | Found Toapn's Armour Boutique.
  1920 | D:2      | Reached skill level 1 in Earth Magic
  2142 | D:2      | Reached XP level 3. HP: 33/33 MP: 4/4
  2147 | D:2      | Learned a level 3 spell: Stone Arrow
  2194 | D:2      | Noticed Natasha
  2806 | D:2      | Found a faded altar of an unknown god.
  2825 | D:2      | Reached XP level 4. HP: 19/40 MP: 5/5
  3159 | D:2      | Killed Natasha
  3336 | D:2      | Noticed Natasha
  3687 | D:2      | Found a faded altar of an unknown god.
  3856 | D:2      | Killed Natasha
  3925 | D:2      | Noticed Natasha
  3938 | D:2      | Slain by Natasha

Illustrated notes

Levels and vault maps discovered:
D:1:      minmay_arrival_statue_studded, layout_loops_cross, serial_shops,
          nicolae_shop_stone, shop, shop, shop, shop
D:2:      wad_pebble_path, layout_rooms, basic_ecumenical_altar, uniq_natasha

Skill      XL: |  1  2  3  4 |
---------------+-------------+-----
Stealth        | 2 3 |  3.8
Earth Magic    | 1 |  1.9
Conjurations   | 3 |  3.0
Fighting       | |  2.9
Axes           | |  1.0
Throwing       | |  1.0
Spellcasting   | |  1.0
Transmutations | |  2.0

Action                   |  1- 3 |  4- 6 || total
-------------------------+-------+-------++-------
Melee: Dagger            |    65 |    15 ||    80
 Cast: Sandblast         |     6 |     1 ||     7
 Abil: Spit Poison       |    37 |     2 ||    39
  Use: Potion            |       |     1 ||     1
 Stab: Sleeping          |       |     2 ||     2
Armor: Robe              |    18 |     2 ||    20
Dodge: Dodged            |    56 |     4 ||    60
